 Dungeon Crawl Stone Soup version 0.27-a0-1136-g0b992a5a9d (webtiles) character file.

Game seed: 17361324657837500661

5 Morbidden the Conjurer (level 1, 0/9 HPs)
             Began as a Vine Stalker Conjurer on May 5, 2021.
             Slain by a bat (1 damage)
             ... on level 1 of the Dungeon.
             The game lasted 00:00:38 (338 turns).

Morbidden the Conjurer (Vine Stalker Conjurer)       Turns: 338, Time: 00:00:39

Health: 0/9        AC:  2    Str:  9    XL:     1   Next: 80%
Magic:  0/4        EV: 12    Int: 18    God:
Gold:   12         SH:  0    Dex: 12    Spells: 3/4 levels left

rFire    . . .     SeeInvis .   a - +0 lajatang
rCold    . . .     Faith    .   (shield currently unavailable)
rNeg     . . .     Spirit   +   b - +0 robe
rPois    .         Reflect  .   (no helmet)
rElec    .         Harm     .   (no cloak)
rCorr    .         Rampage  .   (no gloves)
Will     .....                  (no boots)
Stlth    ++........             (no amulet)
HPRegen  0.03/turn              (no ring)
MPRegen  0.09/turn              (no ring)

@: no status effects
A: fangs 2, magic shield, antimagic bite, no potion heal 2
a: no special abilities


You were on level 1 of the Dungeon.
You visited 1 branch of the dungeon, and saw 1 of its levels.

You collected 12 gold pieces.

Inventory:

Hand Weapons
 a - a +0 lajatang (weapon)
Armour
 b - a +0 robe (worn)
Scrolls
 c - a scroll of torment {unknown}
 d - a scroll of enchant armour {unknown}


   Skills:
 + Level 1.6 Dodging
 + Level 2.4 Stealth
 * Level 2.2 Spellcasting
 * Level 4.2 Conjurations


You had 3 spell levels left.
You knew the following spells:

 Your Spells              Type           Power      Damage    Failure   Level
a - Magic Dart            Conj           68%        1d6       3%          1

Your spell library contained the following spells:

 Spells                   Type           Power      Damage    Failure   Level
 Searing Ray              Conj           34%        3d4       4%          2
 Dazzling Flash           Conj/Hex       18%        N/A       22%         3
 Fulminant Prism          Conj/Hex       4%         3d6       58%         4
 Iskenderun's Mystic Bla  Conj/Tloc      9%         2d4       58%         4


Dungeon Overview and Level Annotations

Branches:
Dungeon (1/15)

Altars:


Innate Abilities, Weirdness & Mutations

You have extremely sharp teeth.
When hurt, damage is shared between your health and your magic reserves.
Your bite disrupts and absorbs the magic of your enemies.
Potions cannot restore your health.


Message History

The bat barely misses you. The frilled lizard closely misses you.
You are too injured to fight recklessly!
You are too injured to fight recklessly!
You are too injured to fight recklessly!
Casting: Magic Dart (safe; 3% risk of failure)
Confirm with . or Enter, or press ? or * to list all spells.
You don't know that spell.
Unknown command.
Casting: Magic Dart (safe; 3% risk of failure)
Confirm with . or Enter, or press ? or * to list all spells.
Aiming: Magic Dart (safe; 3% risk of failure)
Press: ? - help, Shift-Dir - straight line, f - frilled lizard
Aim: a frilled lizard (100% to hit)
The magic dart hits the frilled lizard.
You kill the frilled lizard!
Unknown command.
Casting: Magic Dart (safe; 3% risk of failure)
Confirm with . or Enter, or press ? or * to list all spells.
You don't have enough magic to cast this spell.
Unknown command.
Casting: Magic Dart (safe; 3% risk of failure)
Confirm with . or Enter, or press ? or * to list all spells.
You don't have enough magic to cast this spell.
Unknown command.
You are too injured to fight recklessly!
You are too injured to fight recklessly!
You are too injured to fight recklessly!
You miss the bat. Your bite misses the bat. The bat hits you. The bat hits you.
* * * LOW HITPOINT WARNING * * *
The bat misses you.
You see here a scroll labelled HOTUNW AWAJ.
You closely miss the bat. You bite the bat, but do no damage. The bat hits you.
* * * LOW HITPOINT WARNING * * *
Unknown command.
You closely miss the bat. Your bite misses the bat.
The bat hits you but does no damage. The bat hits you.
Unknown command.
You miss the bat. The bat barely misses you. The bat hits you.
You die...

.. #.##.#.#.#.##.
...#.##..........#
.........#.#.#.### .
.....###.#.#..... ..
............##......
.##+##...##.# ###...
##...##.....# .##
#..#b.#..#..# #
#.#@#.#.##.)#
+..#..'.#####
#.#[#.#..#
#..#..#.## ##...##.#
##+##..# ..#. ### .
.


You could see a bat.

Vanquished Creatures
  A bat (D:1)
  2 hobgoblins (D:1)
  A frilled lizard (D:1)
  A rat (D:1)
5 creatures vanquished.

Notes
Turn   | Place    | Note
-------+----------+-------------------------------------------
     0 | D:1      | Morbidden the Vine Stalker Conjurer began the quest for the
                  | Orb.
     0 | D:1      | Reached XP level 1. HP: 9/9 MP: 4/4
   338 | D:1      | Slain by a bat

Illustrated notes

Levels and vault maps discovered:
D:1:      dpeg_arrival_shrine, layout_loops_cross, serial_co_window_serial,
          co_window_of_opportunity_a, co_window_paths_a, co_window_cross_1,
          co_window_paths_a, co_window_corner_a, co_window_cross_1,
          co_window_cross_3, co_window_2corner, co_window_paths_c,
          co_window_broadway_a, co_window_corner_ca, co_window_corner_b,
          co_window_paths_e, co_window_4corner_b, minmay_box_of_dots

Action                   || total
-------------------------++-------
Melee: Lajatang          ||    13
       Unarmed           ||     7
       Bite              ||     5
 Cast: Magic Dart        ||     6
Armor: Robe              ||     7
Dodge: Dodged            ||    20

Table legend: (Time is in decaauts)
 A = Elapsed time spent in this place.
 B = Non-inter-level travel time spent in this place.
 C = Inter-level travel time spent in this place.
 D = Time resting spent in this place.
 E = Time spent auto-exploring this place.
 F = Levels seen in this place.
 G = Mean time per level.
                   A        B        C        D        E       F      G
               +--------+--------+--------+--------+--------+-----+--------+
         Total |    342 |    325 |     17 |    101 |    171 |   1 |  342.0 |
       Dungeon |    342 |    325 |     17 |    101 |    171 |   1 |  342.0 |
               +--------+--------+--------+--------+--------+-----+--------+

Top non-repeatable levels by time:
     D:1: 342 daAuts
